[Event "Early-Titled-Tuesday-Blitz-March-05-2024"]
[Site "Chess.com"]
[Date "2024.03.05"]
[Round "1"]
[White "Chessdude1987"]
[Black "Alexei_Gubajdullin"]
[Result "1/2-1/2"]
[WhiteElo "2374"]
[BlackElo "2658"]
[TimeControl "180+1"]
[EndTime "8:07:54 PST"]
[Termination "Game drawn by stalemate"]

1. e4 e5 2. Nf3 Nf6 3. Nxe5 d6 4. Nf3 Nxe4 5. c4 Be7 6. Nc3 Nxc3 7. dxc3 O-O 8. Qc2 Nc6 9. Bd3 h6 10. Be3 Bg4 11. O-O-O Bxf3 12. gxf3 Ne5 13. Be2 Qd7 14.
Rhg1 Kh8 15. f4 Nc6 16. f5 Bf6 17. Rg3 Rfe8 18. Rdg1 Re5 19. Rh3 Qxf5 20. Qxf5 Rxf5 21. Bxh6 Kg8 22. Bxg7 Bxg7 23. Rhg3 Kf8 24. Rxg7 Ke7 25. R1g2 Rh8 26. R7g3 Ne5 27. Re3 Rh4 28. c5 Rhf4 29.
cxd6+ cxd6 30. f3 Kf6 31. b3 Nxf3 32. Bxf3 Rxf3 33. Rxf3 Rxf3 34. Kd2 Rh3 35. c4 a5 36. Rf2+ Ke5 37. Rxf7 Rxh2+ 38. Kc3 Rh3+ 39. Kc2 Rh2+ 40. Kc3 Rxa2 41. Rxb7 Ke6 42. Ra7 Ke5 43. Ra6 d5 44. cxd5 Kxd5 45. Rh6 Re2 46. Rh5+ Re5 47. Rxe5+ Kxe5 48. Kc4 a4 49. bxa4 Kd6 50. Kb5 Kc7 51. Ka6 Kb8 52. Kb6 Ka8 53. a5 Kb8 54. a6 Ka8 55. a7 1/2-1/2

[Event "Early-Titled-Tuesday-Blitz-March-05-2024"]
[Site "Chess.com"]
[Date "2024.03.05"]
[Round "1"]
[White "DarZay"]
[Black "awesomevishesh"]
[Result "0-1"]
[WhiteElo "2310"]
[BlackElo "2614"]
[TimeControl "180+1"]
[EndTime "8:07:54 PST"]
[Termination "awesomevishesh won by resignation"]

1. e4 c5 2. Nf3 d6 3. d4 cxd4 4. Nxd4 Nf6 5. Nc3 a6 6. a4 e5 7.
Nb3 Be7 8. a5 Be6 9. Be3 Nbd7 10.
Be2 Rc8 11. Bf3 O-O 12. O-O h6 13. Qd2 Re8 14. Nd5 Nxd5 15. exd5 Bf5 16. Rac1 e4 17. Be2 Ne5 18. c4 Bg6 19. Bb6 Qd7 20. Qe3 Nd3 21. Rc3 Bg5 22. Qd4 Bf6 23. Qe3 Bxc3 24. bxc3 Rxc4 25.
Bd4 Rcc8 26. Qg3 Ne5 27. Nd2 Kh7 28. f4 exf3 29. Nxf3 Nxf3+ 30. Bxf3 Qe7 31. Bg4 Rcd8 32. h4 f5 33. Bxf5 Bxf5 34. Rxf5 Qe1+ 35. Kh2 Qxg3+ 36. Kxg3 Rd7 37. Rf1 Ree7 38. Rf8 Rf7 39. Re8 Rf5 40. c4 Rc7 41. Rd8 Rxc4 42. Ba1 h5 43. Rxd6 Rg4+ 44. Kh3 Rf1 45. g3 Rxa1 46. Rd7 Rg1 47. Rxb7 R1xg3+ 48. Kh2 Rd3 49. Re7 Rxd5 0-1

[Event "Early-Titled-Tuesday-Blitz-March-05-2024"]
[Site "Chess.com"]
[Date "2024.03.05"]
[Round "1"]
[White "YoreDea"]
[Black "Louis-Paulsen-Fan"]
[Result "0-1"]
[WhiteElo "2554"]
[BlackElo "2215"]
[TimeControl "180+1"]
[EndTime "8:07:54 PST"]
[Termination "Louis-Paulsen-Fan won by checkmate"]

1. e4 Nf6 2. e5 Nd5 3. Nc3 Nxc3 4. dxc3 d6 5. Nf3 Nc6 6. Bf4 Bg4 7. Bb5 Qd7 8. h3 Bxf3 9. Qxf3 e6 10. O-O-O O-O-O 11. exd6 Bxd6 12. Bxd6 cxd6 13. Bxc6 bxc6 14. Rd4 d5 15. Ra4 Kb7 16. Rd1 Rhe8 17. Rdd4 e5 18. Rdb4+ Ka8 19. Ra5 Rb8 20. Rba4 Rb7 21. b3 f5 22. Qe3 f4 23. Qc5 e4 24. Kd1 Re7 25.
Ra6 Rc7 26. Ke1 e3 27. f3 e2 28. Rxf4 Rc8 29. Rfa4 Rc7 30. h4 h6 31. h5 Qe6 32.
Qd4 Qf5 33. Qd3 Qxh5 34. Rxa7+ Rxa7 35. Rxa7+ Kxa7 36. Qd4+ Ka8 37. Qa4+ Kb8 38. Qb4+ Rb7 39. Qd6+ Kc8 40. Qxc6+ Rc7 41. Qe6+ Rd7 42. Qc6+ Kd8 43.
Qb6+ Ke8 44. Kxe2 Qe5+ 45. Kf2 Re7 46. Qc6+ Kf8 47. Qc8+ Kf7 48. Qc5 Qe1# 0-1

[Event "Early-Titled-Tuesday-Blitz-March-05-2024"]
[Site "Chess.com"]
[Date "2024.03.05"]
[Round "1"]
[White "The_Machine04"]
[Black "annamaja"]
[Result "0-1"]
[WhiteElo "2787"]
[BlackElo "2465"]
[TimeControl "180+1"]
[EndTime "8:07:56 PST"]
[Termination "annamaja won by checkmate"]

1. d4 d5 2. Nf3 Nf6 3. e3 Bg4 4. h3 Bxf3 5. Qxf3 c6 6. Nd2 Nbd7 7. e4 e6 8. e5 Ng8 9. c3 c5 10. Bd3 Qb6 11. Qf4 Ne7 12. Nf3 Ng6 13. Qe3 Be7 14.
h4 h6 15. h5 Ngf8 16. Qf4 Nh7 17.
Qg4 Ng5 18. Nxg5 hxg5 19. O-O O-O-O 20. b3 f5 21. exf6 Nxf6 22. Qxg5 Rxh5 23. Qxg7 Rdh8 24.
g3 Qd8 25. Bf4 R8h7 26. Bxh7 Rxh7 27. Qg6 Qh8 28. Kg2 Rh2+ 29. Kf3 Qh3 30. Rg1 Kd7 31. Be5 Ne4 32. Ke3 Rxf2 33. Rae1 Bg5+ 34. Qxg5 Nxg5 35. Kxf2 Qh2+ 36. Rg2 Nh3+ 37. Kf3 Ng5+ 38. Kf2 Nh3+ 39. Kf3 Ng5+ 40. Kg4 Qxg2 41. Kxg5 Qxa2 42. Bf4 Qxb3 43. dxc5 Qxc3 44. Rh1 Qg7+ 45. Kh4 Qh7+ 46. Kg4 Qxh1 47. Kg5 Qe4 48. Kf6 Qf5+ 49. Kg7 Kc6 50. Bd6 d4 51. g4 Qxg4+ 52. Kf6 d3 53. Ke7 d2 54. Kd8 d1=Q 55.
Kc8 e5+ 56. Kb8 Qg8+ 57. Kxa7 Qa4# 0-1

[Event "Early-Titled-Tuesday-Blitz-March-05-2024"]
[Site "Chess.com"]
[Date "2024.03.05"]
[Round "1"]
[White "ATM622"]
[Black "dianamirza"]
[Result "1-0"]
[WhiteElo "2533"]
[BlackElo "1996"]
[TimeControl "180+1"]
[EndTime "8:08:02 PST"]
[Termination "ATM622 won on time"]

1. d4 Nf6 2. c4 c5 3. d5 b6 4. g3 b5 5. cxb5 a6 6. bxa6 g6 7. Bg2 Bxa6 8. d6 Nc6 9. Nc3 exd6 10. Bg5 h6 11. Bxf6 Qxf6 12. Nd5 Qd8 13. Nf3 Bg7 14. Qd2 O-O 15. O-O Rb8 16. Rab1 Qa5 17.
Qxa5 Nxa5 18. Rfd1 Bxe2 19. Ne7+ Kh7 20. Rxd6 Nc4 21.
Rxd7 Rxb2 22. Rxb2 Nxb2 23. Rd2 Bb5 24. Bf1 Bxf1 25.
Kxf1 c4 26. Rc2 c3 27. Nd5 Rd8 28. Ne3 Nd3 29. a3 Nb2 30. Ke2 Na4 31. Nc4 Nb2 32.
Ne3 Na4 33. h4 Bf8 34. Nc4 Rc8 35. Kd3 Nc5+ 36. Kxc3 Ne4+ 37. Kd4 f5 38. Kd5 Rc5+ 39. Ke6 Nxf2 40. Nfe5 Ne4 41. Nd7 Rc8 42. Kf7 Bxa3 43.
Nf8+ Kh8 44. Nxg6+ Kh7 45. h5 Nxg3 46. Rg2 Nxh5 47. Nce5 Bf8 48. Nd7 Bg7 49. Ngf8+ Rxf8+ 50. Nxf8+ Bxf8 51. Kxf8 f4 52. Kf7 Ng3 53. Rf2 1-0

[Event "Early-Titled-Tuesday-Blitz-March-05-2024"]
[Site "Chess.com"]
[Date "2024.03.05"]
[Round "1"]
[White "StrackedAktonamee"]
[Black "Gennady_Kozlov"]
[Result "1-0"]
[WhiteElo "2425"]
[BlackElo "2672"]
[TimeControl "180+1"]
[EndTime "8:08:03 PST"]
[Termination "StrackedAktonamee won by resignation"]

1. Nf3 d5 2. e3 Bf5 3. b3 Nf6 4.
Bb2 e6 5. c4 Be7 6. Nc3 c6 7. d4 O-O 8. Bd3 Bxd3 9. Qxd3 Nbd7 10. c5 Qc7 11. Ne2 b6 12. cxb6 axb6 13. O-O c5 14.
Rfc1 Ne4 15. Nc3 Ndf6 16. Ne5 Nxc3 17. Rxc3 Bd6 18. Nf3 Ne4 19. Rc2 Qa7 20. Nd2 Nxd2 21. Qxd2 Rfc8 22. a3 Qa6 23. Rac1 Qb5 24. dxc5 bxc5 25.
b4 c4 26. Qd4 f6 27. Qg4 Kf7 28. e4 Re8 29. Rd1 Rad8 30. Rcd2 Qc6 31. exd5 exd5 32. Qh5+ g6 33. Qxh7+ Ke6 34. Qxg6 Kd7 35. Bxf6 Ra8 36. Qf7+ Kc8 37. Rxd5 Re2 38. Bc3 Rxa3 39. Qf5+ Kb7 40. Rxd6 Ra1 41. Bxa1 Qxd6 42. Qb5+ Ka7 43. Qa4+ Kb8 44. Qb5+ Ka7 45. Rb1 Qd2 46. Bd4+ Qxd4 47. Qa4+ Kb6 48. Qa5+ Kc6 49. Qa6+ Kd5 50. Qb5+ Ke4 51.
Qe8+ Kd3 52. Rd1+ Kc3 53. Qxe2 1-0

[Event "Early-Titled-Tuesday-Blitz-March-05-2024"]
[Site "Chess.com"]
[Date "2024.03.05"]
[Round "1"]
[White "ckgchess"]
[Black "secrethawk1"]
[Result "1-0"]
[WhiteElo "2899"]
[BlackElo "2481"]
[TimeControl "180+1"]
[EndTime "8:08:05 PST"]
[Termination "ckgchess won by resignation"]

1. e4 c6 2. d4 d5 3. e5 Bf5 4. h4 h5 5. c4 e6 6. Nc3 Ne7 7. Nge2 dxc4 8. Ng3 Bg6 9. Bxc4 Nd5 10. Bg5 Qb6 11. O-O Be7 12. Nce4 Bxg5 13. Nxg5 Nd7 14.
Bb3 a5 15. Rc1 a4 16. Bc2 Nf8 17. Bxg6 Nxg6 18. N3e4 Ke7 19. Qd3 a3 20. Nxf7 Ngf4 21. Qf3 Kxf7 22. g3 Qxd4 23. gxf4 Ke7 24. bxa3 Raf8 25.
Rfd1 Qa4 26. Nc5 Qxf4 27. Qxf4 Rxf4 28. Nxb7 Rg4+ 29. Kf1 Rxh4 30. Rxc6 Rh1+ 31. Ke2 Nf4+ 32. Kd2 Rd8+ 33. Nxd8 Rxd1+ 34. Kxd1 Kxd8 35. Rc4 Nd5 36. a4 Kd7 37. a5 Nc7 38. Ke2 Nb5 39. a6 Na7 40. Rb4 Kc6 41. Rb7 Nc8 42. Rxg7 Kb6 43.
Rg6 Kxa6 44. Rxe6+ Kb5 45. Rh6 Ka4 46. Rxh5 Ne7 47.
e6 Ng6 48. Rg5 Nf4+ 49. Ke3 Nxe6 50. Re5 Nc7 51. f4 Ka3 52. f5 Kxa2 53. f6 Na6 54. Ra5+ 1-0

[Event "Early-Titled-Tuesday-Blitz-March-05-2024"]
[Site "Chess.com"]
[Date "2024.03.05"]
[Round "1"]
[White "tylityli"]
[Black "bazar-wokzal"]
[Result "0-1"]
[WhiteElo "2305"]
[BlackElo "2611"]
[TimeControl "180+1"]
[EndTime "8:08:07 PST"]
[Termination "bazar-wokzal won by checkmate"]

1. d4 Nf6 2. c4 Nc6 3. Nf3 e6 4. a3 g6 5. Nc3 Bg7 6. e4 d6 7. Be2 O-O 8. O-O e5 9. d5 Nd4 10. Nxd4 exd4 11. Qxd4 Nd7 12. Qd1 Bxc3 13. bxc3 Nc5 14. f3 f5 15. Bh6 Rf7 16. Qd4 Qh4 17.
Be3 Nb3 18. Qd3 Nxa1 19. Rxa1 fxe4 20. fxe4 Bg4 21. Bf1 Raf8 22. c5 b6 23. cxd6 cxd6 24. e5 dxe5 25. d6 Be6 26. c4 Rc8 27. Rc1 Rd7 28.
g3 Qd8 29. Rd1 Bxc4 30. Qe4 Bxf1 31. Qd5+ Rf7 32. Rxf1 Qd7 33. Bg5 Rf8 34. Bh6 Re8 35. Bg5 Re6 36. Rxf7 Kxf7 37. Be7 Kg7 38. Qa8 Rxe7 39.
dxe7 Qxe7 40. Qe4 h5 41. h4 Kf6 42. Kg2 Qxa3 43. Qc6+ Kf7 44. Qd5+ Ke7 45. Qxe5+ Kd7 46. Qg7+ Kc8 47. Qxg6 Qc5 48. Qg8+ Kb7 49. Qg7+ Ka6 50. Qa1+ Kb7 51. Qg7+ Qc7 52. Qg5 Qc6+ 53. Kh3 Qh1# 0-1

[Event "Early-Titled-Tuesday-Blitz-March-05-2024"]
[Site "Chess.com"]
[Date "2024.03.05"]
[Round "1"]
[White "TimGrutter03"]
[Black "Happy1712Drummer"]
[Result "1-0"]
[WhiteElo "2624"]
[BlackElo "2323"]
[TimeControl "180+1"]
[EndTime "8:08:08 PST"]
[Termination "TimGrutter03 won by checkmate"]

1. d4 d5 2. Nc3 e6 3. e4 c5 4.
exd5 exd5 5. dxc5 d4 6. Ne4 Nf6 7. Bb5+ Nc6 8. Nxf6+ Qxf6 9. Nf3 Bxc5 10. O-O O-O 11.
Bg5 Qg6 12. Bd3 Qh5 13. Bf4 Bg4 14. Be2 Rfe8 15. h3 Bxf3 16. Bxf3 Qf5 17. Bg3 Ne5 18. Bxb7 Rab8 19. Bd5 Red8 20. Bb3 d3 21. cxd3 Rxd3 22.
Bc2 Rxd1 23. Bxf5 Rxa1 24. Rxa1 f6 25. Rc1 Rb5 26. b3 g6 27. Be6+ Kg7 28. Bc4 Nxc4 29. Rxc4 Bb6 30. Bc7 Ra5 31. a4 Rd5 32. Bxb6 axb6 33.
Rb4 Rd6 34. Kf1 Kf7 35. Ke2 Ke6 36. Ke3 Kd7 37. Rd4 Rxd4 38. Kxd4 Kd6 39. b4 Kc6 40. Kc4 f5 41. a5 bxa5 42. bxa5 Kb7 43. Kd5 Ka6 44.
Ke6 Kxa5 45. Kf7 Kb4 46. Kg7 Kc3 47. Kxh7 g5 48. Kg6 Kd3 49. Kxf5 Ke2 50. Kxg5 Kxf2 51. g4 Kg3 52. h4 Kf3 53. h5 Ke4 54. h6 Ke5 55. h7 Kd5 56. h8=Q Kc4 57. Qd8 Kc5 58. Kf5 Kc6 59. g5 Kc5 60. g6 Kc4 61. g7 Kc3 62. g8=Q Kc2 63. Qc4+ Kb2 64. Qb8+ Ka3 65. Qa6# 1-0

[Event "Early-Titled-Tuesday-Blitz-March-05-2024"]
[Site "Chess.com"]
[Date "2024.03.05"]
[Round "1"]
[White "KetiTsatsalashvili"]
[Black "ViIIagra"]
[Result "0-1"]
[WhiteElo "2501"]
[BlackElo "2944"]
[TimeControl "180+1"]
[EndTime "8:08:09 PST"]
[Termination "ViIIagra won by checkmate"]

1. d4 d6 2. Nf3 Nf6 3. c4 g6 4. Nc3 Bg7 5. e4 O-O 6. Be2 Nbd7 7. O-O e5 8. Be3 Ng4 9. Bg5 f6 10. Bc1 Nh6 11. d5 f5 12. Bg5 Nf6 13. Rc1 f4 14. c5 Nf7 15. cxd6 cxd6 16. Nb5 Qb6 17. Bxf6 Bxf6 18.
Qb3 Bd7 19. Nc7 Qxb3 20. axb3 Rac8 21. Ne6 Rxc1 22. Rxc1 Rc8 23. Rxc8+ Bxc8 24. Bc4 Nd8 25. Nfg5 a6 26. b4 Bxg5 27. Nxg5 h6 28. Nf3 b5 29. Bb3 g5 30. Kf1 Kg7 31. Ke2 Kf6 32. Ne1 g4 33. f3 h5 34. Nd3 Nf7 35. Nc1 Ng5 36. Nd3 h4 37. Ne1 h3 38. gxh3 gxf3+ 39. Nxf3 Nxf3 40.
Kxf3 Bxh3 41. Bd1 Kg5 42. Be2 Kh4 43. Bd3 Bg4+ 44. Kg2 Bh5 45. Bf1 Bd1 46. Kf2 Kg4 47. Bg2 f3 48. Bf1 Kf4 49. Bd3 Bb3 50. h4 Bd1 51. Bf1 Kxe4 52. Bh3 Kxd5 53. Bg4 e4 54. Ke3 Ke5 55. Bd7 d5 56. Bc8 d4+ 57. Kf2 e3+ 58. Ke1 f2+ 59. Kf1 Kf4 60. Bxa6 Bf3 61. Bc8 Kg3 62.
Bd7 e2# 0-1

[Event "Early-Titled-Tuesday-Blitz-March-05-2024"]
[Site "Chess.com"]
[Date "2024.03.05"]
[Round "1"]
[White "AndresDelgado77"]
[Black "Mikasinski"]
[Result "0-1"]
[WhiteElo "2315"]
[BlackElo "2619"]
[TimeControl "180+1"]
[EndTime "8:08:09 PST"]
[Termination "Mikasinski won on time"]

1. e4 c5 2. Nf3 d6 3. d4 cxd4 4. Qxd4 a6 5. Bg5 Nc6 6. Qd2 Bg4 7. Nc3 Qa5 8. Nd5 Qxd2+ 9. Nxd2 Rc8 10. Nc4 Nd4 11. Nde3 b5 12. c3 bxc4 13. cxd4 Bd7 14. Bxc4 h6 15. Bh4 g5 16. Bg3 Nf6 17. f3 a5 18. Kd2 Bg7 19. Kd3 O-O 20. Rac1 Rb8 21. b3 a4 22. e5 Nh5 23. exd6 Nxg3 24. hxg3 exd6 25. g4 axb3 26. Bxb3 Rfe8 27. Rhe1 Re7 28. Nd5 Rxe1 29. Rxe1 Bb5+ 30. Ke3 Re8+ 31. Kd2 Rxe1 32. Kxe1 Bxd4 33. Ne7+ Kf8 34. Nf5 Be5 35. Nxh6 Bd7 36. Bc2 f6 37. Nf5 Bc3+ 38. Ke2 Be6 39. a4 Bc4+ 40.
Ke3 Be5 41. Ke4 d5+ 42. Ke3 Kf7 43. Bd3 Bb3 44. Nd6+ Bxd6 45. Kd4 Ke6 46. Bf5+ Ke7 47. a5 Be5+ 48. Kc5 Bc4 0-1

[Event "Early-Titled-Tuesday-Blitz-March-05-2024"]
[Site "Chess.com"]
[Date "2024.03.05"]
[Round "1"]
[White "xiaopang123"]
[Black "Viacheslav92"]
[Result "0-1"]
[WhiteElo "2141"]
[BlackElo "2547"]
[TimeControl "180+1"]
[EndTime "8:08:09 PST"]
[Termination "Viacheslav92 won on time"]

1. Nf3 Nf6 2. e3 d5 3. c4 c6 4.
b3 Bg4 5. Bb2 Nbd7 6. h3 Bh5 7. Nc3 e6 8. Be2 Bd6 9. d4 O-O 10. O-O Re8 11. Rc1 a5 12. a3 Qe7 13.
Ra1 Bg6 14. c5 Bc7 15. b4 e5 16.
dxe5 Nxe5 17. Na4 Ne4 18. Nxe5 Bxe5 19. Bxe5 Qxe5 20. Nb6 Ra7 21. Bf3 h6 22. Bxe4 Bxe4 23. Qd4 Qg5 24. f3 Bf5 25. Kf2 Qg6 26. Rfe1 Bd3 27.
Nd7 Bb5 28. a4 Bxa4 29. Ne5 Qf5 30. e4 Qxe5 31. Qxe5 Rxe5 32. Rxa4 dxe4 33. Rxe4 Rxe4 34. fxe4 Kf8 35. Ke3 Ke7 36. Kd4 Ke6 37. e5 Ra8 38.
Rxa5 Rd8+ 39. Ke4 Rd2 40. Ra7 Rxg2 41. Rxb7 Re2+ 42. Kf4 Rc2 43. Rc7 Rc4+ 44. Ke3 Rxb4 45. Rxc6+ Kxe5 46. Rc7 Rb3+ 47. Kf2 Ke6 48. c6 Rxh3 49. Rc8 Rc3 50. c7 Kf6 51. Kg2 g5 52. Kh2 h5 53. Kg2 h4 54. Kh2 Kf5 55. Kg2 Kf4 56.
Kf2 Rc2+ 57. Kg1 h3 0-1

[Event "Early-Titled-Tuesday-Blitz-March-05-2024"]
[Site "Chess.com"]
[Date "2024.03.05"]
[Round "1"]
[White "vovachesss"]
[Black "corvachesky"]
[Result "1-0"]
[WhiteElo "2789"]
[BlackElo "2439"]
[TimeControl "180+1"]
[EndTime "8:08:11 PST"]
[Termination "vovachesss won on time"]

1. e4 c6 2. d4 d5 3. Nc3 dxe4 4. Nge2 Nf6 5. Ng3 g6 6. Bc4 Bg7 7. O-O O-O 8. a4 a5 9. Re1 Nbd7 10. Ba2 Nb6 11. Bf4 Nbd5 12. Be5 Nxc3 13. bxc3 Nd5 14. Bxg7 Kxg7 15. Nxe4 f5 16. Bxd5 Qxd5 17. Nc5 Rf7 18. Qd3 b6 19. Re5 Qd6 20. Nb3 Ba6 21.
Qe3 Rd8 22. Re1 Rd7 23. h4 h6 24. Nd2 Qa3 25. Nf3 Qxa4 26. h5 Qxc2 27. hxg6 f4 28. Qe4 Qxe4 29. R1xe4 Kxg6 30. Re6+ Kh7 31. Ne5 a4 32.
Nxd7 a3 33. Re1 Bc4 34. Rxc6 Bb5 35. Rc7 e6 36. Ra7 Bxd7 37. Rxa3 b5 38. Ra6 Kg6 39. Ra7 Kf6 40. Re5 Bc6 41. Rxf7+ Kxf7 42. Rc5 Bd7 43.
f3 Ke7 44. Rh5 Bc6 45. Rxh6 Kd6 46. Rh4 e5 47. dxe5+ Kxe5 48. Kf2 Bd5 49. g3 fxg3+ 50. Kxg3 Kd6 51. Rb4 Kc5 52. Kf4 Bc4 53. Ke3 Bd5 54. Kf4 Bc4 55. Ke5 Bd3 56. f4 1-0

[Event "Early-Titled-Tuesday-Blitz-March-05-2024"]
[Site "Chess.com"]
[Date "2024.03.05"]
[Round "1"]
[White "Knightmare1014"]
[Black "sotochess"]
[Result "0-1"]
[WhiteElo "2334"]
[BlackElo "2633"]
[TimeControl "180+1"]
[EndTime "8:08:11 PST"]
[Termination "sotochess won on time"]

1. e4 d5 2. exd5 Qxd5 3. Nc3 Qa5 4. d4 Nf6 5. Nf3 c6 6. Bc4 Bg4 7. Bd2 e6 8. h3 Bh5 9. g4 Bg6 10. Qe2 Nbd7 11. Ne5 Qb6 12. O-O-O Qxd4 13. Nxd7 Qxd7 14.
Bg5 Qc7 15. Rhe1 Be7 16. h4 h5 17. f3 Rd8 18. Rxd8+ Kxd8 19. Rd1+ Kc8 20. Qe3 hxg4 21. Bf4 Qa5 22. fxg4 Nd5 23. Nxd5 cxd5 24. Bxd5 Qb6 25. Qe5 Qd6 26. Qxd6 Bxd6 27. Bxe6+ fxe6 28. Rxd6 Rxh4 29. Rxe6 Rxg4 30. Be5 Rg2 31. c3 Bf5 32. Re8+ Kd7 33. Rg8 g6 34. Rg7+ Ke6 35. Bd4 Rc2+ 36. Kd1 Rxb2 37. Bxa7 Kd5 38. Bd4 Ke4 39. Re7+ Kf4 40. Ke1 Be4 41. Kf1 Kf3 42. Rf7+ Kg4 43. Bf2 Rxa2 44.
Re7 Kf3 45. Rf7+ Bf5 46. Rxb7 Ra1+ 47. Be1 Bd3+ 48. Kg1 Rxe1+ 49. Kh2 Be4 50. Rf7+ Kg4 0-1

[Event "Early-Titled-Tuesday-Blitz-March-05-2024"]
[Site "Chess.com"]
[Date "2024.03.05"]
[Round "1"]
[White "bulletteemo"]
[Black "bolwin"]
[Result "1-0"]
[WhiteElo "2590"]
[BlackElo "2260"]
[TimeControl "180+1"]
[EndTime "8:08:11 PST"]
[Termination "bulletteemo won by resignation"]

1. e4 Nf6 2. e5 Nd5 3. d4 d6 4.
c4 Nb6 5. f4 dxe5 6. fxe5 Nc6 7.
Nf3 Bg4 8. Be3 e6 9. Nc3 Bxf3 10. gxf3 Qh4+ 11. Bf2 Qf4 12. c5 Nd5 13. Bb5 Ne7 14.
Qd3 O-O-O 15. Ne2 Qf5 16. O-O-O Qxd3 17. Rxd3 a6 18. Ba4 Nxe5 19. Rb3 N5c6 20. Rd1 Nd5 21. Bg3 Be7 22. Ra3 Ndb4 23. Kb1 Bf6 24. Be1 a5 25. Bxc6 Nxc6 26. Ra4 Rd5 27. Bxa5 Rhd8 28. Bc3 Bxd4 29. Nxd4 Nxd4 30. Raxd4 Rxd4 31. Rxd4 Rxd4 32. Bxd4 f6 33. Bc3 e5 34. Kc2 Kd7 35. Kd3 Kc6 36. Kc4 b5+ 37. cxb6 cxb6 38. b4 b5+ 39. Kb3 Kd5 40. a4 bxa4+ 41.
Kxa4 Kc4 42. b5 Kxc3 43. b6 f5 44. b7 e4 45. fxe4 fxe4 46. b8=Q e3 47. Qe5+ Kd2 48. Qxg7 e2 49. Qd7+ Kc2 50. Qxh7+ Kd2 51. Qd7+ Ke3 52.
Qe6+ Kf2 53. Qf5+ Kg2 54. Qe4+ Kf2 55. Qf4+ Kg2 56. Qe3 Kf1 57. Qf3+ Kg1 58. Qxe2 Kh1 59. h4 1-0

[Event "Early-Titled-Tuesday-Blitz-March-05-2024"]
[Site "Chess.com"]
[Date "2024.03.05"]
[Round "1"]
[White "Chessbard1972"]
[Black "JaloliddinIlkhomi"]
[Result "1-0"]
[WhiteElo "2448"]
[BlackElo "2740"]
[TimeControl "180+1"]
[EndTime "8:08:12 PST"]
[Termination "Chessbard1972 won by resignation"]

1. d4 Nf6 2. c4 e6 3. Nf3 b6 4. a3 Bb7 5. Nc3 d5 6. cxd5 Nxd5 7. Qa4+ Qd7 8. Qc2 Nxc3 9. bxc3 Bd6 10. e4 O-O 11. Bd3 h6 12. O-O Qd8 13. Bb2 c5 14. Rfd1 Qe7 15. d5 e5 16. c4 Nd7 17. a4 Nf6 18.
Nh4 Bc8 19. g3 g5 20. Ng2 Bg4 21. Be2 Bxe2 22. Qxe2 Qd7 23. f3 a6 24. Ne3 Ne8 25.
Nf5 Kh7 26. f4 f6 27. Qh5 Ng7 28. Qxh6+ Kg8 29. Qg6 Kh8 30. fxe5 Bxe5 31. Bxe5 fxe5 32. g4 Nxf5 33. exf5 Qg7 34. Qh5+ Kg8 35. Rab1 Rf6 36. Qh3 Rd8 37. Re1 Rfd6 38. Qg3 Re8 39. Re4 Qf6 40. Rbe1 Rd7 41. Rxe5 Rde7 42. Re6 Rxe6 43. fxe6 Qd4+ 44. Kh1 Qxc4 45. Qe5 Qxg4 46. Qe4 Qh4 47. Qg6+ Kh8 48. Qxe8+ Kh7 49. Qf7+ Kh6 50. Qf6+ Kh7 51. Qf1 Qd4 52. Qg2 Qc3 53. Rf1 Kg6 54. e7 Qe5 55. d6 c4 56. Qc2+ Kh6 57. Qf5 Qe2 58. Qf6+ Kh5 59. Qf3+ Qxf3+ 60. Rxf3 c3 61. Rxc3 Kg4 62.
e8=Q 1-0

[Event "Early-Titled-Tuesday-Blitz-March-05-2024"]
[Site "Chess.com"]
[Date "2024.03.05"]
[Round "1"]
[White "Pingah9"]
[Black "matagordo"]
[Result "1-0"]
[WhiteElo "2573"]
[BlackElo "2217"]
[TimeControl "180+1"]
[EndTime "8:08:13 PST"]
[Termination "Pingah9 won by resignation"]

1. e4 e6 2. d4 d5 3. e5 b6 4. c4 Ne7 5. Nf3 Qd7 6. Nc3 dxc4 7. Bxc4 Ba6 8. Bxa6 Nxa6 9. O-O c5 10. Be3 Nf5 11.
d5 exd5 12. Nxd5 Be7 13. Re1 O-O 14. Nxe7+ Qxe7 15. Bg5 Qe6 16. Qe2 Nb4 17. a3 Nc6 18.
Qe4 h6 19. Bf4 Rac8 20. Rad1 Nfd4 21. Nxd4 Nxd4 22. Be3 Nf5 23. Bf4 Rcd8 24. h3 Nd4 25. Rd3 Qa2 26. Rg3 Qe6 27. b4 Nf5 28. Rg4 c4 29. a4 c3 30. Rc1 Rc8 31. Qf3 c2 32. Qd3 Rfd8 33. Qe2 Qa2 34. Kh2 Nd4 35. Qe3 Nf5 36.
Qe4 Qe6 37. Rxc2 Nd6 38. Qe2 Nc4 39. Bxh6 Qxh6 40. Rcxc4 Re8 41. Rxc8 Rxc8 42. f4 Qe6 43. Rg5 Rd8 44. f5 Qb3 45. e6 Qxb4 46. exf7+ Kxf7 47. Qh5+ Kg8 48. Qg4 Qd6+ 49. Qg3 Rd7 50. Rxg7+ Kf8 51. Qxd6+ Rxd6 52. Rxa7 Rd5 53. g4 Rd2+ 54. Kg3 Rd4 55. Kh4 Rb4 56. Kg5 1-0

[Event "Early-Titled-Tuesday-Blitz-March-05-2024"]
[Site "Chess.com"]
[Date "2024.03.05"]
[Round "1"]
[White "Yushko_Olga"]
[Black "xakevicius91"]
[Result "1-0"]
[WhiteElo "2209"]
[BlackElo "2551"]
[TimeControl "180+1"]
[EndTime "8:08:13 PST"]
[Termination "Yushko_Olga won by resignation"]

1. d4 Nf6 2. c4 g6 3. Nc3 Bg7 4. Nf3 d6 5. Bg5 O-O 6. e3 Bf5 7. Bd3 Bxd3 8. Qxd3 Nbd7 9. O-O c6 10. Rfd1 Qc7 11. Rac1 a6 12. b4 h6 13. Bh4 Rfe8 14. h3 Rad8 15. Bg3 e5 16. dxe5 Nxe5 17. Nxe5 dxe5 18. Qc2 Qe7 19. c5 Qe6 20. Rd2 Qc4 21. a3 e4 22. Rd6 Rxd6 23. Bxd6 Nd5 24. Nxd5 Qxd5 25. Rd1 Qe6 26. Bg3 Bf8 27. Rd4 g5 28.
Bd6 Bg7 29. Rd2 Rd8 30. Qd1 Rd7 31. Bg3 Rd5 32. Bd6 Bb2 33. Rxd5 cxd5 34. a4 Be5 35. Bxe5 Qxe5 36. b5 axb5 37. axb5 f5 38. Qd4 Qe6 39. Qa4 Qe7 40. c6 bxc6 41. bxc6 Kf7 42. Qb5 Ke6 43. Qb7 Kd6 44. Qb4+ Ke6 45. Qc3 Qc7 46. Qc5 f4 47.
Kf1 h5 48. h4 f3 49. gxf3 gxh4 50. Kg2 exf3+ 51. Kh3 Qg7 52. Qd4 Qg2+ 53. Kxh4 Qxf2+ 54.
Kxh5 Qh2+ 55. Kg4 Qg2+ 56. Kf4 f2 57. Qe5+ Kf7 58. Qxd5+ Kg6 59. Qxg2+ 1-0

[Event "Early-Titled-Tuesday-Blitz-March-05-2024"]
[Site "Chess.com"]
[Date "2024.03.05"]
[Round "1"]
[White "Jospem"]
[Black "ninguno46"]
[Result "1/2-1/2"]
[WhiteElo "3056"]
[BlackElo "2527"]
[TimeControl "180+1"]
[EndTime "8:08:14 PST"]
[Termination "Game drawn by agreement"]

1. e4 c5 2. Nf3 Nc6 3. c3 d5 4. exd5 Qxd5 5. d4 Nf6 6. Be2 e6 7. Be3 Ng4 8. O-O Nxe3 9. fxe3 Be7 10. Nbd2 O-O 11. Bd3 Qh5 12. Ne4 cxd4 13. exd4 Bd7 14. Ng3 Qh6 15. Qe2 Rae8 16. Kh1 Bd6 17. Ne4 Bf4 18.
Qf2 Bc8 19. Rae1 f5 20. Ng3 Bb8 21. Qd2 Qxd2 22. Nxd2 g6 23. Bb5 Bd7 24. Nf3 a6 25.
Ba4 b5 26. Bb3 Kg7 27. Rd1 Re7 28. Ne2 e5 29. d5 Na5 30. Nc1 Nb7 31. Rfe1 e4 32.
Nd4 Nd6 33. Ne6+ Bxe6 34. dxe6 Kf6 35. Ne2 Nc4 36. Nd4 Rc8 37. Bxc4 Rxc4 38. Nc2 Rxe6 39. Ne3 Rc8 40. Rd7 h5 41. g3 h4 42. Kg2 hxg3 43.
hxg3 Rh8 44. Red1 Kg5 45. Rb7 Ree8 46. Rdd7 Rd8 47. Nd5 Rxd7 48. Rxd7 f4 49. gxf4+ Bxf4 50. Kg1 Kg4 51. Kg2 Rh2+ 52. Kg1 Rxb2 53. Re7 Kf3 54.
Nxf4 Kxf4 55. Kf1 Ke3 56. Kg1 Rxa2 57. Rg7 Rc2 58. Rxg6 Rxc3 59. Rxa6 Kd3 60. Kg2 e3 61. Kf3 Rc2 62. Rd6+ Kc3 63. Kxe3 b4 64. Rc6+ Kb2 65. Rb6 b3 66. Kd3 Rc8 67. Kd2 Rd8+ 68. Ke2 Re8+ 69. Kd2 Rd8+ 70. Ke2 1/2-1/2

[Event "Early-Titled-Tuesday-Blitz-March-05-2024"]
[Site "Chess.com"]
[Date "2024.03.05"]
[Round "1"]
[White "Rikikits"]
[Black "balack95"]
[Result "1-0"]
[WhiteElo "2831"]
[BlackElo "2460"]
[TimeControl "180+1"]
[EndTime "8:08:14 PST"]
[Termination "Rikikits won by resignation"]

1. d3 d5 2. Nf3 Nd7 3. Nbd2 e5 4. e4 c6 5. Be2 Ngf6 6. O-O Be7 7. c3 O-O 8. Qc2 Qc7 9. a4 Re8 10. a5 Nf8 11. Re1 Ng6 12. Bf1 h6 13. b4 Bg4 14.
Bb2 Rad8 15. h3 Bc8 16. g3 Bf8 17. Bg2 h5 18. h4 Bg4 19. Nf1 Qc8 20. Ne3 Bh3 21.
Bxh3 Qxh3 22. Ng5 Qc8 23. Nf5 c5 24. b5 c4 25. dxc4 dxe4 26. Ne3 Ng4 27. Qxe4 Nxe3 28. Rxe3 Bc5 29. Rf3 Rd2 30. Rxf7 Qg4 31. Qxg4 hxg4 32. Ba3 Bxa3 33. Rxa3 e4 34. Ra1 e3 35. fxe3 Rxe3 36.
Rf2 Rxg3+ 37. Kh2 Rgd3 38. Rxd2 Rxd2+ 39. Kg3 Rd3+ 40. Kxg4 Ne5+ 41. Kf5 Nxc4 42. a6 bxa6 43. Rxa6 Nd6+ 44. Kg6 Nxb5 45. Re6 Rd6 46. c4 Rxe6+ 47. Nxe6 Nd6 48. c5 Nc8 49. Nxg7 a5 50. Nf5 a4 51.
Kf6 a3 52. Nd4 Kh7 53. Ke6 a2 54. Nc2 Na7 55. Kd5 Kh6 56. Kc4 Kh5 57. Kb3 Kxh4 58.
Kxa2 Kg5 59. Kb3 Kf6 60. Kc4 Ke5 61. Nd4 Ke4 62. Nc2 Ke5 63. Nb4 Ke4 64. Na2 Ke5 65.
Nc3 Nc6 66. Kb5 Nd4+ 67. Kb6 Ke6 68. Nb5 Kd7 69. Nxd4 Kc8 70. c6 Kb8 71. Nb5 Ka8 72. Ka6 Kb8 73. c7+ Kc8 74. Kb6 1-0